 Dungeon Crawl Stone Soup version 0.30.2 (webtiles) character file.

Game seed: 2157490396038309169

575 porpoise the Skirmisher (level 7, -2/44 HPs)
             Began as a Kobold Hunter on Jan 27, 2024.
             Slain by Pikel
             ... wielding a +2 whip of flaming
              (3 damage)
             ... on level 4 of the Dungeon.
             The game lasted 00:06:50 (2943 turns).

porpoise the Skirmisher (Kobold Hunter)             Turns: 2943, Time: 00:06:51

Health: -2/44      AC:  4    Str:  9    XL:     7   Next: 61%
Magic:  7/7        EV: 15    Int: 10    God:
Gold:   96         SH:  0    Dex: 20    Spells: 6/6 levels left

rFire   . . .        b - +2 short sword (drain)
rCold   + . .        (no shield)
rNeg    . . .        n - +2 robe {Will+}
rPois   .            (no helmet)
rElec   .            (no cloak)
rCorr   .            (no gloves)
SInv    .            (no boots)
Will    +....        (no amulet)
Stlth   +++          f - ring of protection from cold
HPRegen 0.27/turn    (no ring)
MPRegen 0.10/turn

%: no passive effects
@: studying Short Blades
A: small, no large weapons, nightstalker 3
a: no special abilities


You were on level 4 of the Dungeon.
You visited 2 branches of the dungeon, and saw 5 of its levels.

You collected 144 gold pieces.
You spent 48 gold pieces at shops.

Inventory:

Hand Weapons
 a - a +1 shortbow
 b - a +2 short sword of draining (weapon)
Missiles
 i - a throwing net
 q - 3 poisoned darts
 s - a curare-tipped dart
 t - a boomerang
Armour
 c - a +0 leather armour
 n - a +2 robe of willpower (worn)
Jewellery
 f - a ring of protection from cold (left hand)
 p - a +6 ring of intelligence
Scrolls
 e - a scroll of brand weapon {unknown}
 j - a scroll of blinking {unknown}
 k - a scroll of butterflies {unknown}
 m - a scroll of enchant weapon
 o - a scroll of immolation
 r - a scroll of fear {unknown}
 u - a scroll of identify
Potions
 d - a potion of attraction
 g - 3 potions of brilliance
 h - a potion of invisibility


   Skills:
 + Level 5.1 Fighting
 + Level 2.1 Short Blades
 * Level 9.7 Ranged Weapons
 - Level 2.4 Dodging
 - Level 1.3 Stealth


You had 6 spell levels left.
You didn't know any spells.
Your spell library contained the following spells:

 Spells                   Type           Power      Damage    Failure   Level
 Kiss of Death            Conj/Necr      0%         2d5       36%         1
 Confusing Touch          Hex            0%         N/A       75%         3
 Hailstorm                Conj/Ice       0%         3d3       75%         3
 Ignite Poison            Fire/Tmut/Pois 0%         N/A       75%         3
 Stone Arrow              Conj/Erth      0%         3d7       75%         3
 Vhi's Electric Charge    Tloc/Air       0%         N/A       75%         3
 Animate Armour           Summ/Erth      0%         N/A       98%         4
 Dispel Undead            Necr           0%         3d6       98%         4
 Ice Form                 Ice/Tmut       0%         N/A       98%         4
 Silence                  Hex/Air        0%         N/A       100%        5
 Conjure Ball Lightning   Conj/Air       0%         3x3d6     100%        6
 Simulacrum               Ice/Necr       0%         N/A       100%        6
 Lehudib's Crystal Spear  Conj/Erth      0%         10d2      100%        8


Dungeon Overview and Level Annotations

Branches:
Dungeon (4/15)             Temple (1/1) D:4

Altars:
Elyvilon
Gozag
Kikubaaqudgha
Okawaru
Qazlal
Ru
Sif Muna
Vehumet
Xom
Yredelemnul

Shops:
D:2 ?

Annotations:
D:4 Pikel


Innate Abilities, Weirdness & Mutations

You are small and have problems with some larger weapons.
You are completely attuned to the shadows.


Message History

Pikel burns you.
* * * LOW HITPOINT WARNING * * *
You feel better.
Pikel hits you with a +2 whip of flaming.
* * * LOW HITPOINT WARNING * * *
Pikel burns you.
* * * LOW HITPOINT WARNING * * *
You feel better. Pikel closely misses you.
You hit Pikel but do no damage.
Pikel is heavily wounded.
Pikel barely misses you.
You hit Pikel but do no damage. You drain Pikel.
Pikel is heavily wounded.
Pikel closely misses you.
You hit Pikel. You drain Pikel.
Pikel is severely wounded.
Pikel closely misses you.
You miss Pikel.
Pikel is severely wounded.
Pikel misses you.
You closely miss Pikel.
Pikel is severely wounded.
Pikel hits you with a +2 whip of flaming.
* * * LOW HITPOINT WARNING * * *
Pikel burns you.
* * * LOW HITPOINT WARNING * * *
You hit Pikel but do no damage.
Pikel is severely wounded.
You hit Pikel but do no damage. You drain Pikel.
Pikel is severely wounded.
Pikel completely misses you.
You barely miss Pikel.
Pikel is severely wounded.
Pikel closely misses you.
You hit Pikel. You drain Pikel.
Pikel is almost dead.
Pikel hits you with a +2 whip of flaming.
* * * LOW HITPOINT WARNING * * *
Pikel burns you.
You die...

#######
....(.#
...##.#####
######..
...##......
. .......
#..##.#####
#. #)....
.#..#.#####
##.###5#†#
###..).....
....@K5..#
.#.#..#####
##.###.###
#.###..# #
#.#
.#.#.#.###
#.#
###..#...#
##.##
.#)#.#.#.###
.##...#####
#.###......#
...........
.#.#[#.)##.#
###...#####
###..#.###.#
##.##


You could see Pikel (very drained) and 2 lemures.

Vanquished Creatures
  Menkaure (D:4)
  An ogre (D:4)
  A kobold brigand (D:4)
  A wight (D:4)
  A jelly (D:4)
  A hound (D:4)
  A sleepcap (D:4)
  Natasha (twice) (D:4)
  An iguana (D:4)
  3 adders
  2 worms
  A dart slug (D:2)
  An orc (D:4)
  6 bats
  3 endoplasms
  2 giant cockroaches (D:1)
  7 goblins
  6 hobgoblins
  4 jackals
  A kobold (D:3)
  4 quokkas
  3 ball pythons
  A frilled lizard (D:1)
  4 rats
58 creatures vanquished.

Notes
Turn   | Place    | Note
-------+----------+-------------------------------------------
     0 | D:1      | porpoise the Kobold Hunter began the quest for the Orb.
     0 | D:1      | Reached XP level 1. HP: 12/12 MP: 1/1
     6 | D:1      | Found a transporter.
    77 | D:1      | Reached XP level 2. HP: 18/18 MP: 2/2
   340 | D:1      | Reached skill level 6 in Ranged Weapons
   392 | D:1      | Reached XP level 3. HP: 22/22 MP: 3/3
   941 | D:2      | Reached XP level 4. HP: 20/28 MP: 4/4
   974 | D:2      | Found a white marble altar of Elyvilon.
  1376 | D:2      | Found Homnuad's Magic Scroll Boutique.
  1381 | D:2      | Bought a scroll of identify for 24 gold pieces
  1383 | D:2      | Bought a scroll of identify for 24 gold pieces
  1780 | D:3      | Reached skill level 7 in Ranged Weapons
  2030 | D:3      | Found a basalt altar of Yredelemnul.
  2043 | D:3      | Got Sossahei's Almanac of Aerial Reformation
  2396 | D:4      | Found a staircase to the Ecumenical Temple.
  2402 | Temple   | Entered the Ecumenical Temple
  2623 | D:4      | Noticed Menkaure
  2628 | D:4      | Killed Menkaure
  2629 | D:4      | Reached skill level 8 in Ranged Weapons
  2629 | D:4      | Reached XP level 5. HP: 33/33 MP: 5/5
  2629 | D:4      | Reached XP level 6. HP: 38/38 MP: 6/6
  2638 | D:4      | Noticed Natasha
  2642 | D:4      | Killed Natasha
  2710 | D:4      | Noticed Natasha
  2715 | D:4      | Killed Natasha
  2802 | D:4      | Reached XP level 7. HP: 40/44 MP: 7/7
  2808 | D:4      | Reached skill level 9 in Ranged Weapons
  2836 | D:4      | Reached skill level 5 in Fighting
  2914 | D:4      | Noticed Pikel
  2943 | D:4      | HP: 1/44 [Pikel/+2 whip of flaming (5)]
  2943 | D:4      | Slain by Pikel

Illustrated notes

Levels and vault maps discovered:
D:1:      spicycebolla_arrival_transporter_tutorial, layout_basic,
          nicolae_wormholes
D:2:      layout_rooms, basic_altar, serial_shops, nicolae_diamond_shop
D:3:      layout_loops_ring, yredelemnul_altar_generic
D:4:      layout_loops_ring, minmay_temple_entry_hall,
          minmay_misc_feat_nine_boxes, minmay_manual_mail, uniq_natasha,
          uniq_menkaure, uniq_pikel
Temple:   dpeg_three_leaves_temple

Skill      XL: |  1  2  3  4  5  6  7 |
---------------+----------------------+-----
Ranged Weapons | 6 8 9 |  9.7
Fighting       | 3 4 5 |  5.1
Short Blades   | 2 |  2.1
Dodging        | |  2.4
Stealth        | |  1.3

Action                     |  1- 3 |  4- 6 |  7- 9 || total
---------------------------+-------+-------+-------++-------
  Melee: Short sword       |       |     6 |    33 ||    39
         Punch             |       |       |     1 ||     1
   Fire: Shortbow          |    89 |    56 |    21 ||   166
    Use: Scroll            |       |     6 |       ||     6
         Potion            |       |       |     2 ||     2
 Armour: Leather armour    |    11 |       |       ||    11
         Robe              |       |     9 |     2 ||    11
  Dodge: Dodged            |    53 |    13 |    36 ||   102
